 Dungeon Crawl Stone Soup version 0.19-a0-1185-gacb3972 (webtiles) character file.

70453 Gagarin the Basher (level 14, -17/150 HPs)
             Began as a Troll Gladiator on Aug 18, 2016.
             Was a High Priest of Trog.
             Demolished by an orc warrior
             ... wielding a +0 halberd
             ... led by an orc knight
              (37 damage)
             ... on level 1 of the Orcish Mines.
             The game lasted 01:31:49 (22448 turns).

Gagarin the Basher (Troll Gladiator)               Turns: 22448, Time: 01:31:51

Health: -17/150    AC: 11    Str: 26    XL:     14   Next: 94%
Magic:  13/13      EV: 15    Int:  4    God:    Trog [*****.]
Gold:   1177       SH:  0    Dex: 14    Spells: 0 memorised, 13 levels left

rFire  + . .     SeeInvis .     q - +4 giant club
rCold  . . .     Gourm    +     M - +0 swamp dragon armour
rNeg   . . .     Faith    .     (shield currently unavailable)
rPois  +         Spirit   .     c - +0 hat
rElec  .         Dismiss  .     U - +2 cloak of Refuge {MR+}
rCorr  .         Reflect  .     (gloves unavailable)
MR     ++...     Harm     .     (boots unavailable)
Stlth  +.........               (no amulet)
                                (no ring)
                                E - ring of protection from fire

@: exhausted, about to teleport, corroded, slowed, very slow
A: unfitting armour, claws 3, fast metabolism 3, gourmand, regeneration 2,
shaggy fur 1, tough skin 2
a: Berserk, Trog's Hand, Brothers in Arms, Burn Spellbooks, Renounce Religion


You were on level 1 of the Orcish Mines.
You worshipped Trog.
Trog was extremely pleased with you.
You were very full.

You visited 4 branches of the dungeon, and saw 19 of its levels.
You also visited: Volcano.

You collected 1856 gold pieces.
You spent 679 gold pieces at shops.

Inventory:

Hand Weapons
 n - a +2 dire flail of flaming
 q - a +4 giant club (weapon)
 L - a +1 antimagic morningstar
Missiles
 j - 9 large rocks (quivered)
 m - 5 tomahawks of dispersal
 B - 2 throwing nets
Armour
 c - a +0 hat (worn)
 I - a +2 robe of magic resistance
 J - a +1 robe of magic resistance
 M - a +0 swamp dragon armour (worn)
 R - a +2 robe of magic resistance
 S - a +1 robe of the Archmagi
 U - the +2 cloak of Refuge (worn) {MR+}
   (You bought it in a shop on level 2 of the Orcish Mines)

   It affects your resistance to hostile enchantments.
Jewellery
 E - a ring of protection from fire (left claw)
Wands
 a - a wand of hasting (4/9)
 k - a wand of teleportation (3/9)
 l - a wand of lightning (5/15)
 K - a wand of enslavement (13/24)
 T - a wand of disintegration (15/24)
Scrolls
 d - a scroll of summoning
 e - 10 scrolls of remove curse
 p - a scroll of blinking
 u - a scroll of magic mapping
 y - a scroll of enchant weapon
 z - a scroll of torment {unknown}
 F - 5 scrolls of identify
 G - a scroll of recharging
 N - 2 scrolls of fear {unknown}
 P - a scroll of silence {unknown}
Potions
 b - 3 potions of haste
 g - 2 potions of magic
 h - 2 potions of resistance
 w - 4 potions of flight
 x - 6 potions of curing
 A - a potion of invisibility {unknown}
 C - a potion of might
 H - 2 potions of cancellation
 O - 2 potions of agility
Miscellaneous
 o - a fan of gales
Comestibles
 f - 17 bread rations
 i - 5 meat rations
 r - 10 chunks of flesh
 t - a royal jelly
 D - 2 beef jerkies
 Q - 19 fruits


   Skills:
 + Level 12.6 Fighting
 + Level 14.0 Maces & Flails
 + Level 5.9 Throwing
 - Level 7.0 Armour
 + Level 10.9 Dodging


You had 13 spell levels left.
You didn't know any spells.

Dungeon Overview and Level Annotations

Branches:
Dungeon (10/15)            Temple (1/1) D:7            Lair (6/6) D:10
  Swamp (0/4) Lair:4        Snake (0/4) Lair:4        Slime (0/5) Lair:5
    Orc (2/2) D:9             Elf (0/3) Orc:2

Altars:
Ashenzari
Cheibriados
Dithmenos
Elyvilon
Fedhas
Gozag
Hepliaklqana
Kikubaaqudgha
Makhleb
Nemelex Xobeh
Okawaru
Qazlal
Ru
Sif Muna
Trog
Uskayaw
Vehumet
Xom
Yredelemnul
Zin
The Shining One
Beogh

Shops:
D:5 (   Orc:2 *%[!


Innate Abilities, Weirdness & Mutations

You are too large for most types of armour.
You have claws for hands.
Your metabolism is lightning-fast.
You like to eat raw meat.
You heal very quickly.
You are covered in fur. (AC +1)
You have very tough skin. (AC +2)


Message History

Zapping:
k - a wand of teleportation (4/9)
Press: ? - help, Shift-Dir - straight line, f - you You feel strangely unstable.
This wand has 3 charges left.
The orc wizard no longer looks unusually strong.
The orc wizard mumbles some strange words.
The orc wizard blinks!
The orc wizard closely misses you. The orc warrior closely misses you.
The orc wizard mumbles some strange words.
The orc wizard blinks!
The orc warrior hits you with a scimitar!
* * * LOW HITPOINT WARNING * * *
The orc wizard hits you but does no damage.
The orc wizard completely misses you.
You feel much better.
The orc no longer looks unusually strong. x2
The orc wizard misses you. The orc warrior misses you.
The orc wizard hits you but does no damage.
The orc warrior barely misses you. The orc wizard misses you. x2
The orc warrior hits you from afar with a halberd!!!
You die...

... .... #§...
.#..(# .....o#
..§oo#)## #o)(##
.##)#o###
...#o@...###
.#.#..o.....##
#.....§........#
.........#.#...#
...........##.##
............#.###
................##
.§...............#
..................#


You could see 3 orc warriors, 2 orc wizards and 2 orcs.

Vanquished Creatures
  An orc warlord (Orc:2)
  6 dire elephants (Lair:6)
  An ettin (Orc:2)
  Snorg (Lair:4)
  Josephine (Lair:6)
  The ghost of hairmachine the Carver, a journeyman MiFi of Zin (Lair:2)
  Erolcha (Orc:1)
  3 hydras
  2 catoblepae
  An anaconda (Lair:6)
  12 death yaks
  7 orc high priests
  Sonja (Lair:4)
  An unseen horror (D:10)
  A lindwurm (Lair:4)
  Pikel (D:6)
  A swamp dragon (Lair:4)
  The ghost of Rhoefr the Slasher, a novice NaWr of Cheibriados (D:6)
  6 orc knights
  A griffon (Lair:6)
  An ugly thing (D:10)
  7 orc sorcerers
  5 black mambas
  9 elephants (Lair:6)
  A cyclops (Orc:2)
  A gargoyle (D:10)
  7 spiny frogs
  4 komodo dragons
  5 trolls
  3 polar bears
  4 two-headed ogres
  Grinder (D:4)
  25 blink frogs
  A wraith (Lair:6)
  24 yaks
  Eustachio (D:6)
  3 hungry ghosts
  A basilisk (Lair:6)
  4 fire elementals (Volcano)
  6 hippogriffs
  Menkaure (D:5)
  4 wargs
  17 water moccasins
  A naga (Lair:4)
  5 porcupines
  An ice beast (D:5)
  32 orc warriors
  A slave (D:6)
  A black bear (D:6)
  A sky beast (D:10)
  A necrophage (D:10)
  15 ogres
  9 wolves
  6 crocodiles
  6 centaurs
  14 giant frogs
  Blork the orc (D:5)
  A water moccasin zombie (D:10)
  2 scorpions
  4 killer bees (D:9)
  3 wights (D:6)
  A howler monkey (D:5)
  An electric eel (Lair:2)
  A centaur zombie (D:8)
  6 crimson imps
  4 hounds
  2 jellies
  31 orc priests
  17 orc wizards
  12 iguanas
  Natasha (thrice) (D:2)
  7 worker ants
  12 sheep (Lair:6)
  A howler monkey zombie (D:8)
  2 worker ant zombies
  24 gnolls
  12 adders
  27 river rats
  3 shadow imps
  An ooze (D:2)
  2 adder skeletons
  4 worms
  2 dart slugs
  4 giant geckos
  101 orcs
  3 giant cockroaches
  2 gnoll zombies (D:2)
  13 goblins
  6 hobgoblins
  10 jackals
  10 quokkas
  9 bats
  7 giant newts
  8 kobolds
  14 rats
  2 fire vortices (Volcano)
  4 plants
657 creatures vanquished.

Vanquished Creatures (collateral kills)
  2 oklob plants (Lair:5)
  4 blink frogs (Lair:6)
  3 wraiths (Lair:6)
  An orc (Orc:2)
10 creatures vanquished.

Vanquished Creatures (others)
  2 slaves (D:6)
  A crocodile (Lair:4)
  A wight (D:6)
  A quasit (D:6)
  A hound (D:6)
  A centaur skeleton (D:6)
  An iguana (Lair:4)
  2 river rats (Lair:2)
  A shadow imp (D:6)
  2 quokkas (D:6)
  A fire vortex (Volcano)
  8 fungi
  6 plants
28 creatures vanquished.

Grand Total: 695 creatures vanquished

Notes
Turn   | Place    | Note
-------+----------+-------------------------------------------
     0 | D:1      | Gagarin the Troll Gladiator began the quest for the Orb.
     0 | D:1      | Reached XP level 1. HP: 19/19 MP: 0/0
   257 | D:1      | Reached XP level 2. HP: 19/28 MP: 1/1
  1047 | D:1      | Reached skill level 3 in Maces & Flails
  1105 | D:2      | Reached XP level 3. HP: 19/35 MP: 2/2
  1411 | D:2      | Found a basalt altar of Yredelemnul.
  1511 | D:2      | Found a shadowy altar of Dithmenos.
  1597 | D:2      | You fall through a shaft!
  1603 | D:3      | Reached XP level 4. HP: 44/44 MP: 3/3
  1681 | D:2      | Found a shattered altar of Ashenzari.
  1681 | D:2      | Noticed Natasha
  1701 | D:2      | Killed Natasha
  1866 | D:2      | Noticed Natasha
  1875 | D:2      | Killed Natasha
  1967 | D:2      | Noticed Natasha
  1979 | D:2      | Killed Natasha
  1979 | D:2      | Reached XP level 5. HP: 19/50 MP: 4/4
  2258 | D:2      | Found a deep blue altar of Sif Muna.
  2539 | D:3      | Found a white marble altar of Elyvilon.
  3206 | D:4      | Reached XP level 6. HP: 54/59 MP: 5/5
  3313 | D:4      | Noticed Grinder
  3410 | D:4      | Reached skill level 4 in Maces & Flails
  3660 | D:4      | Paralysed by Grinder for 2 turns
  3665 | D:4      | Killed Grinder
  3665 | D:4      | Reached XP level 7. HP: 62/67 MP: 6/6
  3699 | D:5      | Entered Level 5 of the Dungeon
  3805 | D:5      | Noticed Menkaure
  3818 | D:5      | Killed Menkaure
  4028 | D:5      | Found Elalekul's Weapon Boutique.
  4076 | D:5      | Found a stormy altar of Qazlal.
  4078 | D:5      | Noticed a fire elemental
  4079 | D:5      | Noticed a water elemental
  4079 | D:5      | Noticed an air elemental
  4147 | D:5      | Noticed Blork the orc
  4156 | D:5      | Killed Blork the orc
  4165 | D:5      | Reached skill level 5 in Maces & Flails
  4165 | D:5      | Reached XP level 8. HP: 77/78 MP: 7/7
  4374 | D:5      | Reached skill level 5 in Dodging
  4795 | D:6      | Noticed Pikel
  4821 | D:6      | Killed Pikel
  4821 | D:6      | Reached skill level 5 in Fighting
  4821 | D:6      | Reached skill level 6 in Maces & Flails
  5084 | D:6      | Noticed Rhoefr's ghost (novice NaWr)
  5094 | D:6      | Reached XP level 9. HP: 77/88 MP: 8/8
  5118 | D:6      | Killed Rhoefr's ghost
  5396 | D:6      | Found a blossoming altar of Fedhas.
  5512 | D:6      | Reached skill level 7 in Maces & Flails
  5677 | D:6      | Noticed Eustachio
  5686 | D:6      | Killed Eustachio
  5968 | D:7      | Found a bloodstained altar of Trog.
  5975 | D:7      | Found a sacrificial altar of Ru.
  6151 | D:7      | Found a staircase to the Ecumenical Temple.
  6571 | D:7      | Found a sparkling altar of Nemelex Xobeh.
  6700 | Temple   | Entered the Ecumenical Temple
  6979 | D:7      | Became a worshipper of Trog the Wrathful
  7330 | D:8      | Reached XP level 10. HP: 40/100 MP: 9/9
  7615 | D:8      | Reached * piety under Trog
  7615 | D:8      | Reached skill level 8 in Maces & Flails
  7661 | D:8      | Found an opulent altar of Gozag.
  8278 | D:9      | Found a shattered altar of Ashenzari.
  8462 | D:9      | Found a glowing silver altar of Zin.
  8597 | D:9      | Found a staircase to the Orcish Mines.
  8607 | D:9      | Found a roughly hewn altar of Beogh.
  8672 | D:9      | HP: 3/153 [troll (16)]
  8914 | D:9      | Reached ** piety under Trog
  9104 | D:9      | Reached skill level 1 in Armour
  9392 | D:10     | Entered Level 10 of the Dungeon
  9596 | D:10     | Reached skill level 9 in Maces & Flails
  9631 | D:10     | Found a staircase to the Lair.
  9693 | D:10     | Killed an unseen horror
  9933 | D:10     | Noticed a gargoyle
  9939 | D:10     | Killed a gargoyle
  9939 | D:10     | Reached XP level 11. HP: 74/113 MP: 10/10
 10183 | D:10     | Noticed a white ugly thing
 10193 | D:10     | HP: 8/169 [white ugly thing (13)]
 10195 | D:10     | Killed a white ugly thing
 10384 | Lair:1   | Entered Level 1 of the Lair of Beasts
 10541 | Lair:1   | Noticed a catoblepas
 11518 | Lair:2   | Killed a catoblepas
 11615 | Lair:2   | Noticed hairmachine's ghost (journeyman MiFi)
 11649 | Lair:2   | Killed hairmachine's ghost
 11649 | Lair:2   | Reached *** piety under Trog
 11649 | Lair:2   | Reached skill level 10 in Maces & Flails
 12000 | Lair:2   | Found a dark tunnel.
 12007 | Volcano  | Entered a volcano
 12236 | Lair:2   | Noticed a four-headed hydra
 12249 | Lair:2   | Killed a four-headed hydra
 12878 | Lair:3   | Reached XP level 12. HP: 105/126 MP: 11/11
 13237 | Lair:3   | Reached skill level 10 in Fighting
 14189 | Lair:4   | Reached skill level 11 in Maces & Flails
 14332 | Lair:4   | Reached **** piety under Trog
 14404 | Lair:4   | Noticed Sonja
 14423 | Lair:4   | Killed Sonja
 14487 | Lair:4   | Noticed Snorg
 14497 | Lair:4   | Killed Snorg
 14584 | Lair:4   | Found a staircase to the Snake Pit.
 15251 | Lair:4   | Found a staircase to the Swamp.
 15768 | Lair:5   | Noticed a death yak
 15769 | Lair:5   | Noticed a death yak
 15769 | Lair:5   | Noticed a catoblepas
 15769 | Lair:5   | Noticed a death yak
 15770 | Lair:5   | Noticed a four-headed hydra
 15796 | Lair:5   | Killed a four-headed hydra
 15796 | Lair:5   | Reached XP level 13. HP: 105/135 MP: 12/12
 15810 | Lair:5   | Reached skill level 12 in Maces & Flails
 16048 | Lair:5   | You fall through a shaft!
 16048 | Lair:6   | Entered Level 6 of the Lair of Beasts
 16347 | Lair:5   | Reached ***** piety under Trog
 16347 | Lair:5   | Received a gift from Trog
 16347 | Lair:5   | Reached skill level 5 in Armour
 16404 | Lair:5   | Found a staircase to the Slime Pits.
 17557 | Lair:6   | Noticed Josephine
 17567 | Lair:6   | Killed Josephine
 17567 | Lair:6   | Received a gift from Trog
 17567 | Lair:6   | Reached skill level 13 in Maces & Flails
 18152 | Lair:6   | Noticed a dire elephant
 18152 | Lair:6   | Noticed a dire elephant
 18161 | Lair:6   | Killed a dire elephant
 18161 | Lair:6   | Reached XP level 14. HP: 78/148 MP: 13/13
 18519 | Lair:6   | Reached skill level 10 in Dodging
 19306 | D:9      | Received a gift from Trog
 19340 | Orc:1    | Entered Level 1 of the Orcish Mines
 19343 | Orc:1    | Noticed Erolcha
 19352 | Orc:1    | Killed Erolcha
 19620 | Orc:2    | Entered Level 2 of the Orcish Mines
 20458 | Orc:2    | Found a roughly hewn altar of Beogh.
 20646 | Orc:2    | Found Qurren's Food Emporium.
 20658 | Orc:2    | Reached skill level 5 in Throwing
 20703 | Orc:2    | Found Mofol Yptudgh's Assorted Antiques.
 20714 | Orc:2    | Bought a scroll of enchant weapon for 217 gold pieces
 21117 | Orc:2    | Received a gift from Trog
 21165 | Orc:2    | Found a staircase to the Elven Halls.
 21378 | Orc:2    | Noticed an orc warlord
 21410 | Orc:2    | Killed an orc warlord
 21882 | Orc:2    | Found a roughly hewn altar of Beogh.
 21904 | Orc:2    | Found Ocaakes's Distillery.
 21932 | Orc:2    | Bought a potion of resistance for 130 gold pieces
 21971 | Orc:2    | Reached skill level 14 in Maces & Flails
 22112 | Orc:2    | Found Lileu's Antique Armour Boutique.
 22122 | Orc:2    | Bought a brightly glowing cloak for 332 gold pieces
 22132 | Orc:2    | Identified the +2 cloak of Refuge {MR+} (You bought it in a shop on level 2 of the Orcish Mines)
 22447 | Orc:1    | HP: 5/150 [orc warrior/scimitar[an orc high priest] (11)]
 22448 | Orc:1    | Demolished by an orc warrior

Vault maps used:
D:1:      lightli_arrival_maybe_door_vault, minmay_misc_feat_four_crosses
D:2:      lemuel_zombie_altar_yredelemnul, grunt_dithmenos_smoke,
          old_standard_altar, lemuel_blue_sif_altar, uniq_natasha
D:3:      elyvilon_altar_5
D:4:      first_bread, uniq_grinder
D:5:      nicolae_qazlal_style_of_elements, serial_shops, shop,
          minmay_crystal_room, uniq_menkaure, uniq_blork_the_orc
D:6:      fedhas_bush_and_centaur_altar, uniq_pikel, uniq_eustachio
D:7:      kennysheep_orc_sif_temple, nicolae_ru_sacrificial_ziggurat,
          bloody_trog, lemuel_round_altar
D:8:      lemuel_crystal_altar
D:9:      old_standard_altar, minmay_orc_entry_temple_small, minivault_5,
          cheibrodos_ashenzari_chains
D:10:     dpeg_oklobed_lair
Temple:   jpeg_temple_island
Lair:2:   enter_volcano_2, minivault_19
Lair:3:   beast_lair_carwin_8
Lair:4:   minmay_swamp_entry_reptiles, guppyfry_snake_entry_garden,
          lemuel_fruit_tree, lemuel_fruit_fields, uniq_sonja, uniq_snorg
Lair:5:   minmay_slime_entry_oklob_enclosed, roderic_lost_polar_bear,
          grunt_megastairs_4
Lair:6:   due_jungle_book, grunt_megastairs_2, uniq_josephine
Orc:1:    uniq_erolcha
Orc:2:    pubby_orc_utopia
Volcano:  volcano_aerie

Skill      XL: |  1  2  3  4  5  6  7  8  9 10 11 12 13 14 |
---------------+-------------------------------------------+-----
Throwing       | 2 3 4 5 |  5.9
Fighting       | 2 3 4 5 6 8 9 10 11 12 | 12.6
Maces & Flails | 3 4 5 6 7 9 10 11 13 14 | 14.0
Dodging        | 3 4 5 7 8 9 10 | 10.9
Armour         | 2 4 6 7 |  7.0

Action                   |  1- 3 |  4- 6 |  7- 9 | 10-12 | 13-15 || total
-------------------------+-------+-------+-------+-------+-------++-------
Melee: Flail             |   145 |   144 |       |       |       ||   289
       Morningstar       |       |    59 |   139 |       |       ||   198
       Giant club        |       |       |   157 |   333 |   423 ||   913
       Whip              |       |       |    25 |    42 |       ||    67
       Dire flail        |       |       |       |   475 |   458 ||   933
Throw: Large rock        |       |     6 |    28 |    32 |    21 ||    87
       Throwing net      |       |       |     4 |     4 |       ||     8
Invok: Burn Spellbooks   |       |       |     1 |       |     1 ||     2
       Berserk           |       |       |       |    14 |    17 ||    31
       Trog's Hand       |       |       |       |     4 |     1 ||     5
       Brothers in Arms  |       |       |       |       |     2 ||     2
Evoke: Wand              |       |       |       |     8 |     2 ||    10
  Use: Scroll            |       |    10 |     6 |    13 |     4 ||    33
       Potion            |       |       |     1 |     5 |     2 ||     8
 Stab: Sleeping          |     1 |     1 |     2 |     1 |       ||     5
       Held in net/web   |       |       |     1 |     1 |       ||     2
       Petrified         |       |       |       |     4 |       ||     4
       Petrifying        |       |       |       |     2 |       ||     2
       Paralysed         |       |       |       |     1 |       ||     1
  Eat: Chunk             |    21 |    19 |    33 |   117 |    79 ||   269
       Beef jerky        |       |       |       |     1 |       ||     1
       Pizza             |       |       |       |     2 |       ||     2
       Meat ration       |       |       |       |     1 |       ||     1
       Bread ration      |       |       |       |     1 |       ||     1
Armor: Robe              |    69 |    66 |    73 |       |       ||   208
       Animal skin       |       |       |    25 |    44 |       ||    69
       Troll leather arm |       |       |       |   188 |       ||   188
       Swamp dragon armo |       |       |       |     4 |   242 ||   246
       Skin              |       |       |       |       |     6 ||     6
Dodge: Dodged            |    98 |   135 |   206 |   602 |   606 ||  1647
